 Dungeon Crawl Stone Soup version 0.29.1-12-g30fa7ad0bf (webtiles) character file.

Game seed: 3662709695273940894

770 booth the Gusty (level 7, -4/53 HPs)
             Began as a White Draconian Air Elementalist on Dec 29, 2022.
             Was a Follower of the Shining One.
             Slain by a shadow imp (5 damage)
             ... on level 5 of the Dungeon.
             The game lasted 00:40:11 (4798 turns).

booth the Gusty (White Draconian Air Elementalist)  Turns: 4798, Time: 00:40:11

Health: -4/53      AC:  4    Str: 11    XL:     7   Next: 52%
Magic:  9/12       EV: 12    Int: 17    God:    the Shining One [*.....]
Gold:   295        SH:  7    Dex: 11    Spells: 4/13 levels left

rFire   + . .      SeeInvis .   s - +0 war axe
rCold   + + .      Faith    .   (no shield)
rNeg    . . .      Spirit   .   (body armour unavailable)
rPois   .          Reflect  .   (helmet restricted)
rElec   .          Harm     .   l - scarf {rC+ rF+}
rCorr   .          Rampage  .   j - +0 pair of gloves
Will    .....                   g - +0 pair of boots
Stlth   +.........              (no amulet)
HPRegen 0.17/turn               (no ring)
MPRegen 0.13/turn               (no ring)

@: lethally poisoned (-4 -> -10), divinely shielded, corroded, glowing
A: breathe frost, AC +6, unfitting armour, cold resistance 1, cold-blooded
a: Breathe Frost, Renounce Religion, Divine Shield


You were on level 5 of the Dungeon.
You worshipped the Shining One.
The Shining One was aware of your devotion.
You visited 1 branch of the dungeon, and saw 5 of its levels.

You collected 295 gold pieces.

Inventory:

Hand Weapons
 m - a +0 hand axe
 s - a +0 war axe (weapon)
Missiles
 b - 9 javelins (quivered)
 k - 9 curare-tipped darts
 t - a poisoned dart
Armour
 g - a +0 pair of boots (worn)
 j - a +0 pair of gloves (worn)
 l - a scarf of resistance (worn)
 q - a +0 cloak
Wands
 a - a wand of flame (36)
 p - a wand of charming (10)
Scrolls
 n - a scroll of magic mapping {unknown}
 r - 2 scrolls of teleportation {unknown}
Potions
 c - 3 potions of might
 d - 2 potions of heal wounds {unknown}
 e - 2 potions of flight {unknown}
 f - 2 potions of curing
 h - 2 potions of brilliance {unknown}
 i - a potion of ambrosia {unknown}
 o - a potion of mutation {unknown}
 u - 2 potions of lignification {unknown}
Miscellaneous
 v - a piece from Xom's chessboard (15/15)


   Skills:
 + Level 1.7 Fighting
 + Level 3.2 Axes
 + Level 0.3 Throwing
 - Level 2.0 Dodging
 - Level 2.5 Stealth
 - Level 0.1 Shields
 + Level 1.1 Unarmed Combat
 + Level 3.5 Spellcasting
 + Level 3.2 Conjurations
 * Level 5.0 Air Magic
 * Level 1.8 Invocations
 * Level 1.4 Evocations


You had 4 spell levels left.
You knew the following spells:

 Your Spells              Type           Power      Damage    Failure   Level
a - Shock                 Conj/Air       68%        1d7       3%          1
b - Static Discharge      Conj/Air       17%        3-6/arc   4%          2
c - Swiftness             Air            20%        N/A       6%          3
d - Foxfire               Conj/Fire      32%        2x1d5     9%          1
e - Blink                 Tloc           6%         N/A       26%         2

Your spell library contained the following spells:

 Spells                   Type           Power      Damage    Failure   Level
 Freeze                   Ice            12%        1d4       17%         1
 Airstrike                Air            10%        2d(2-18)  21%         4
 Conjure Flame            Conj/Fire      8%         6-21      26%         3
 Frozen Ramparts          Ice            6%         1d1       45%         3
 Inner Flame              Hex/Fire       3%         N/A       45%         3
 Lesser Beckoning         Tloc           3%         N/A       45%         3
 Flame Wave               Conj/Fire      8%         2d5       63%         4
 Hailstorm                Conj/Ice       8%         3d4       63%         4
 Manifold Assault         Tloc           3%         N/A       99%         5


Dungeon Overview and Level Annotations

Branches:
Dungeon (5/15)
 Temple: D:4-7

Altars:
Gozag
Makhleb
The Shining One

Shops:
D:4 :(   D:5 *

Annotations:
D:4 2 runed translucent doors, ctx's ghost, amateur GnFi


Innate Abilities, Weirdness & Mutations

You can breathe waves of freezing cold which knock back foes.
Your icy white scales are hard. (AC +6)
You cannot fit into any form of body armour.
Your flesh is cold resistant. (rC+)
You are cold-blooded and may be slowed by cold attacks.


Message History

You closely miss the killer bee.
The killer bee is lightly wounded.
You hit the shadow imp.
You feel sick. The killer bee stings you.
The killer bee stings you but does no damage.
You block the shadow imp's attack. The killer bee closely misses you.
You hit the killer bee.
The killer bee is moderately wounded.
You hit the jelly.
Your hands burn!
You hit the shadow imp.
You feel sick. The killer bee closely misses you.
The shadow imp barely misses you. The jelly misses you.
The killer bee stings you.
The shadow imp hits you but does no damage.
The killer bee stings you but does no damage.
You block the jelly's attack.
You hit the killer bee.
The killer bee is heavily wounded.
You hit the jelly.
Your hands burn!
You hit the shadow imp.
You feel sick. The killer bee stings you. x2
You are more poisoned.
The killer bee poisons you! The shadow imp gestures at you.
Pain shoots through your body! The jelly hits you.
You are splashed with acid!
* * * LOW HITPOINT WARNING * * *
You feel better. The killer bee barely misses you. The killer bee stings you.
* * * LOW HITPOINT WARNING * * *
You block the shadow imp's attack. The jelly barely misses you.
The shadow imp attacks as you move away!
The shadow imp hits you.
* * * LOW HITPOINT WARNING * * *
The jelly attacks as you move away! The jelly hits you.
* * * LOW HITPOINT WARNING * * *
The acid corrodes you!
You are splashed with acid.
* * * LOW HITPOINT WARNING * * *
The killer bee barely misses you. You block the killer bee's attack.
You feel better. The killer bee stings you.
* * * LOW HITPOINT WARNING * * *
The killer bee stings you.
* * * LOW HITPOINT WARNING * * *
You are lethally poisoned!
The killer bee poisons you! The shadow imp hits you.
You die...

#### #...#
####.....
#.'......
#JW...∩..
#5y......
##@##..... #..#
..# ######.## #
##..#.[..##
#.........#
#............#
####.....#.######
##.......##.#.....
#...
#........##.......
...8


You could see a phantom, a jelly, a killer bee and a shadow imp.

Vanquished Creatures
  Prince Ribbit (D:5)
  Eustachio (D:5)
  A necrophage (D:5)
  3 hounds (D:4)
  2 jellies
  Ijyb (D:4)
  2 orc wizards (D:4)
  5 adders
  An ufetubus (D:5)
  A worm (D:2)
  A dart slug (D:4)
  5 orcs
  9 ball pythons
  5 bats
  6 endoplasms
  8 goblins
  4 hobgoblins
  5 jackals
  3 quokkas
  2 frilled lizards
  4 kobolds
  3 rats
73 creatures vanquished.

Notes
Turn   | Place    | Note
-------+----------+-------------------------------------------
     0 | D:1      | booth the Draconian Air Elementalist began the quest for
                  | the Orb.
     0 | D:1      | Reached XP level 1. HP: 14/14 MP: 3/3
   532 | D:1      | Found a faded altar of an unknown god.
   562 | D:1      | Prayed at the altar of an unknown god.
   562 | D:1      | Became a worshipper of the Shining One
   562 | D:1      | Reached * piety under the Shining One
   844 | D:1      | Reached XP level 2. HP: 20/20 MP: 3/5
  1694 | D:2      | Reached XP level 3. HP: 26/26 MP: 4/6
  2159 | D:2      | Found a burning altar of Makhleb.
  2384 | D:3      | Learned a level 2 spell: Static Discharge
  2395 | D:3      | Learned a level 3 spell: Swiftness
  2535 | D:3      | Found an opulent altar of Gozag.
  2892 | D:3      | Reached XP level 4. HP: 32/32 MP: 7/7
  2906 | D:3      | Learned a level 1 spell: Foxfire
  3053 | D:4      | Reached skill level 1 in Unarmed Combat
  3068 | D:4      | Reached skill level 4 in Air Magic
  3200 | D:4      | Reached XP level 5. HP: 37/39 MP: 4/9
  3257 | D:4      | Reached skill level 1 in Axes
  3302 | D:4      | Found a large runed translucent door.
  3303 | D:4      | Found a large runed translucent door.
  3304 | D:4      | Noticed ctx's ghost (amateur GnFi)
  3580 | D:4      | Reached skill level 1 in Fighting
  3611 | D:4      | Learned a level 2 spell: Blink
  3717 | D:4      | Found Ukit's Book Shop.
  3718 | D:4      | Found Diufaegh's Weapon Emporium.
  3817 | D:4      | Reached ** piety under the Shining One
  3830 | D:4      | Reached XP level 6. HP: 30/47 MP: 7/10
  4014 | D:4      | Noticed Ijyb
  4020 | D:4      | Killed Ijyb
  4255 | D:5      | Entered Level 5 of the Dungeon
  4308 | D:5      | Identified the +1 ring mail of Calculation {Contam Str+7
                  | Dex+4}
  4351 | D:5      | Noticed Eustachio
  4387 | D:5      | Killed Eustachio
  4525 | D:5      | Reached skill level 1 in Invocations
  4525 | D:5      | Your scales start taking on an icy white colour.
  4525 | D:5      | Reached XP level 7. HP: 45/52 MP: 8/12
  4525 | D:5      | Gained mutation: Your flesh is cold resistant. (rC+) [White
                  | Draconian growth]
  4561 | D:5      | Noticed Prince Ribbit
  4575 | D:5      | Killed Prince Ribbit
  4576 | D:5      | Reached skill level 1 in Evocations
  4742 | D:5      | Reached skill level 5 in Air Magic
  4789 | D:5      | Found Xanlaewe's General Store.
  4798 | D:5      | HP: 1/53 [killer bee (6)]
  4798 | D:5      | Slain by a shadow imp

Illustrated notes

Levels and vault maps discovered:
D:1:      lightli_arrival_farm, layout_basic, hellmonk_ecumenical_altar_run_dry
D:2:      layout_loops_ring, basic_altar, minmay_cut_off
D:3:      layout_rooms, grunt_gozag_statues
D:4:      layout_basic, ebering_ghost_disaster_area, serial_curves,
          eino_curves_04, eino_curves_03, nicolae_wooded_promenade, minivault_5,
          uniq_ijyb
D:5:      layout_cave_pools, hellmonk_bongcloud_opening,
          kennysheep_windowed_goal, uniq_eustachio, uniq_prince_ribbit1

Skill      XL: |  1  2  3  4  5  6  7 |
---------------+----------------------+-----
Stealth        | 2 |  2.5
Unarmed Combat | 1 |  1.1
Dodging        | 2 |  2.0
Air Magic      | 4 5 |  5.0
Axes           | 2 3 |  3.2
Conjurations   | 2 3 |  3.2
Fighting       | 1 |  1.7
Spellcasting   | 3 |  3.5
Invocations    | 1 |  1.8
Evocations     | 1 |  1.4
Throwing       | |  0.3
Shields        | |  0.1

Action                   |  1- 3 |  4- 6 |  7- 9 || total
-------------------------+-------+-------+-------++-------
Melee: Unarmed           |    56 |       |       ||    56
       Tailslap          |     6 |    11 |     1 ||    18
       Hand axe          |       |    31 |       ||    31
       Punch             |       |     4 |       ||     4
       War axe           |       |    29 |     9 ||    38
Throw: Dart              |       |     2 |       ||     2
       Javelin           |       |     2 |       ||     2
 Cast: Shock             |    62 |    43 |     9 ||   114
       Static Discharge  |       |     1 |       ||     1
Invok: Divine Shield     |       |     4 |     1 ||     5
 Abil: Breathe Frost     |       |       |     1 ||     1
Evoke: Piece from Xom's  |       |       |     1 ||     1
  Use: Scroll            |     5 |       |       ||     5
       Potion            |       |     1 |     2 ||     3
Armor: Skin              |    29 |    32 |     8 ||    69
Dodge: Dodged            |    57 |    34 |    16 ||   107
Block: Other             |       |     9 |     8 ||    17
